 Dungeon Crawl Stone Soup version 0.21.1-1-g345015fe64 (webtiles) character file.

308 RUSTLEDJIMMIES the Chopper (level 6, -7/53 HPs)
             Began as a Draconian Berserker on Feb 5, 2018.
             Was a Priest of Trog.
             Mangled by an orc warrior
             ... wielding a +0 dire flail
              (21 damage)
             ... on level 3 of the Dungeon.
             The game lasted 00:10:12 (2737 turns).

RUSTLEDJIMMIES the Chopper (Draconian Berserker)    Turns: 2737, Time: 00:10:12

Health: -7/53      AC:  6    Str: 19    XL:     6   Next: 16%
Magic:  6/6        EV: 13    Int: 13    God:    Trog [***...]
Gold:   134        SH:  0    Dex: 12    Spells: 5/5 levels left

rFire    . . .     SeeInvis .   a - +0 hand axe
rCold    . . .     Gourm    .   (no shield)
rNeg     . . .     Faith    .   (armour unavailable)
rPois    .         Spirit   .   (helmet restricted)
rElec    .         Reflect  .   (no cloak)
rCorr    .         Harm     .   (no gloves)
MR       .....                  (no boots)
Stlth    ++........             (no amulet)
HPRegen  0.17/turn              (no ring)
MPRegen  0.10/turn              (no ring)

@: brilliant, berserk cooldown, slowed, very slow
A: unfitting armour, cold-blooded, AC +6
a: Berserk, Trog's Hand, Burn Spellbooks, Renounce Religion


You were on level 3 of the Dungeon.
You worshipped Trog.
Trog was most pleased with you.
You were very hungry.

You visited 1 branch of the dungeon, and saw 4 of its levels.

You collected 134 gold pieces.

Inventory:

Hand Weapons
 a - a +0 hand axe (weapon)
Jewellery
 t - an uncursed amulet of regeneration {unknown}
Scrolls
 c - 2 scrolls of teleportation {unknown}
 d - 2 scrolls of magic mapping {unknown}
 f - a scroll of immolation {unknown}
 h - 3 scrolls of remove curse {unknown}
 l - 2 scrolls of noise {unknown}
 m - 2 scrolls of enchant weapon {unknown}
 p - a scroll of identify {unknown}
 q - a scroll of amnesia {unknown}
 s - a scroll of fear {unknown}
Potions
 e - a potion of agility {unknown}
 g - a potion of mutation {unknown}
 i - a potion of lignification {unknown}
 j - 3 potions of resistance {unknown}
 k - a potion of flight {unknown}
 n - a potion of curing {unknown}
 r - a potion of brilliance
Comestibles
 b - 8 rations


   Skills:
 + Level 4.4 Fighting
 + Level 5.3 Axes
 + Level 3.9 Dodging
 + Level 1.1 Stealth


You had 5 spell levels left.
You didn't know any spells.

Dungeon Overview and Level Annotations

Branches:
Dungeon (4/15)
 Temple: D:4-7

Altars:
Ashenzari
Dithmenos
Elyvilon
Ru
Uskayaw
The Shining One


Innate Abilities, Weirdness & Mutations

Your plain brown scales are hard. (AC +6)
You cannot fit into any form of body armour.
You are cold-blooded and may be slowed by cold attacks.


Message History

You are too injured to fight recklessly!
The orc wizard completely misses you.
The orc warrior hits you with a dire flail!
You climb upwards.
You feel a strong urge to attack something.
There is a stone staircase leading down here.
You are too injured to fight recklessly!
You see here 20 arrows.
You feel your anger nearly subside.
You are no longer berserk.
You are exhausted.
You feel yourself slow down.
The orc wizard gestures at you while chanting.
The magic dart hits you!
* * * LOW HITPOINT WARNING * * *
It was a potion of brilliance.
You feel clever all of a sudden.
The orc wizard mumbles some strange words.
The orc wizard blinks!
The orc wizard closely misses you.
The orc warrior hits you with a dire flail!!
You die...

############ #####
#..........# #)..#
#..........# #...#
#..........# #...#
#######....### #...#
#..........'..
#####...###.#####....###
#.........#.# #....###
#......@..#.#####.......
#.....oo........'.......
#.........#.#####.......
#......(..#.#########...
#.....ยง>..+.............
#.........##############
#...####### #...# ###...#


You could see an orc warrior and an orc wizard.

Vanquished Creatures
  Sigmund (D:3)
  The ghost of Faustar the Cudgeler, an amateur GrGl (D:3)
  An orc priest (D:3)
  Robin (D:2)
  2 adders
  An ooze (D:1)
  3 worms
  A dart slug (D:1)
  A leopard gecko (D:3)
  4 orcs (D:3)
  2 giant cockroaches
  16 goblins
  9 hobgoblins
  4 jackals
  3 kobolds
  A quokka (D:3)
  A ball python (D:2)
  6 bats
  3 frilled lizards
  2 rats (D:2)
63 creatures vanquished.

Vanquished Creatures (others)
  A quokka (D:3)
1 creature vanquished.

Grand Total: 64 creatures vanquished

Notes
Turn   | Place    | Note
-------+----------+-------------------------------------------
     0 | D:1      | RUSTLEDJIMMIES the Draconian Berserker began the quest for the Orb.
     0 | D:1      | Reached XP level 1. HP: 19/19 MP: 1/1
   340 | D:1      | Reached XP level 2. HP: 26/26 MP: 2/2
   840 | D:2      | Found a shattered altar of Ashenzari.
   927 | D:2      | Reached XP level 3. HP: 18/33 MP: 3/3
  1127 | D:2      | Found a shadowy altar of Dithmenos.
  1151 | D:2      | Reached ** piety under Trog
  1306 | D:2      | Found a glowing golden altar of the Shining One.
  1334 | D:2      | Noticed Robin
  1362 | D:2      | Reached skill level 4 in Axes
  1368 | D:2      | Reached XP level 4. HP: 40/40 MP: 4/4
  1374 | D:2      | Killed Robin
  1746 | D:2      | Found a hide-covered altar of Uskayaw.
  2013 | D:3      | Noticed Sigmund
  2029 | D:3      | Killed Sigmund
  2029 | D:3      | Reached XP level 5. HP: 46/46 MP: 5/5
  2034 | D:3      | Found a white marble altar of Elyvilon.
  2095 | D:3      | Noticed Faustar's ghost (amateur GrGl)
  2105 | D:3      | Killed Faustar's ghost
  2105 | D:3      | Reached skill level 5 in Axes
  2105 | D:3      | Reached skill level 1 in Stealth
  2147 | D:3      | Reached XP level 6. HP: 53/53 MP: 6/6
  2380 | D:3      | Found a sacrificial altar of Ru.
  2442 | D:3      | Reached *** piety under Trog
  2725 | D:4      | Noticed an orc warrior
  2737 | D:3      | Mangled by an orc warrior

Skill      XL: |  1  2  3  4  5 |
---------------+----------------+-----
Dodging        | 3 |  3.9
Axes           | 4 5 |  5.3
Fighting       | 4 |  4.4
Stealth        | 1 |  1.1

Action                   |  1- 3 |  4- 6 || total
-------------------------+-------+-------++-------
Melee: Hand axe          |    98 |    78 ||   176
       Tailslap          |    12 |     8 ||    20
Invok: Berserk           |     2 |     4 ||     6
  Use: Potion            |       |     1 ||     1
 Stab: Sleeping          |       |     2 ||     2
  Eat: Chunk             |     2 |     8 ||    10
Armor: Skin              |    24 |    24 ||    48
Dodge: Dodged            |    64 |    50 ||   114
